 Dungeon Crawl Stone Soup version 0.31-a0-876-gfe8ebadbca (webtiles) character file.

Game seed: 765695895278397663

100433 MahsedPotato the Destroyer (level 15, -9/118 HPs)
             Began as a Demonspawn Air Elementalist on Oct 13, 2023.
             Was the Champion of Vehumet.
             Mangled by a ghost moth (13 damage)
             ... on level 2 of the Spider Nest.
             The game lasted 00:46:30 (26326 turns).

MahsedPotato the Destroyer (DsAE)                  Turns: 26326, Time: 00:46:30

Health: -9/118     AC:  8    Str:  6 (8)  XL:     15   Next: 80%
Magic:  0/30       EV: 13    Int: 29      God:    Vehumet [******]
Gold:   2029       SH:  8    Dex: 12 (15) Spells: 2/36 levels left

rFire   . . .        N - staff of air
rCold   . . .        (no shield)
rNeg    + . .        Q - +1 robe of Egalitarianism {rN+}
rPois   .            G - +2 hat {SInv}
rElec   +            (no cloak)
rCorr   +            (gloves unavailable)
SInv    +            O - +2 pair of boots
Will    +....        B - amulet "Kodghibb" {RegenMP Fragile rElec rCorr}
Stlth   ++           A - ring of wizardry
HPRegen 0.39/turn    w - +6 ring of intelligence
MPRegen 0.62/turn

%: wizardry (x1)
@: no status effects
A: claws 3, large bone plates 3, demonic guardian 3, foul stench 1
a: Renounce Religion


You were on level 2 of the Spider Nest.
You worshipped Vehumet.
Vehumet was exalted by your worship.
You visited 5 branches of the dungeon, and saw 25 of its levels.

You collected 2232 gold pieces.
You spent 203 gold pieces at shops.

Inventory:

Hand Weapons
 J - a +4 dagger of chaos
Armour
 G - a +2 hat of see invisible (worn)
 M - an orb of energy
 O - a +2 pair of boots (worn)
 Q - the +1 robe of Egalitarianism (worn) {rN+}
   (You found it on level 12 of the Dungeon)

   rN+:       It protects you from negative energy.
Magical Staves
 I - a staff of earth
 N - a staff of air (weapon)
Jewellery
 a - a ring of positive energy
 e - a ring of protection from cold
 p - an amulet of guardian spirit
 r - an amulet of regeneration
 w - a +6 ring of intelligence (right claw)
 y - a ring of protection from fire
 z - an amulet of magic regeneration
 A - a ring of wizardry (left claw)
 B - the amulet "Kodghibb" (around neck) {RegenMP Fragile rElec rCorr}
   (You found it on level 6 of the Dungeon)

   [amulet of magic regeneration]

   RegenMP:   It increases your rate of magic regeneration.
   rElec:     It insulates you from electricity.
   rCorr:     It protects you from acid and corrosion.
   Fragile:   It will be destroyed if unequipped.
 C - an amulet of reflection
 E - a ring of fire
 L - a ring of poison resistance
 P - a ring of magical power
 W - a ring of resist corrosion
Wands
 b - a wand of polymorph (18)
 i - a wand of flame (15)
 D - a wand of paralysis (31) (quivered)
 H - a wand of acid (13)
 S - a wand of roots (3)
Scrolls
 d - 2 scrolls of poison
 h - 4 scrolls of enchant armour
 k - 3 scrolls of noise
 o - a scroll of blinking
 q - a scroll of identify
 s - 3 scrolls of fog {unknown}
 t - 5 scrolls of immolation {unknown}
 u - 3 scrolls of torment {unknown}
 v - a scroll of enchant weapon {unknown}
 x - 10 scrolls of teleportation {unknown}
 K - 2 scrolls of brand weapon
 U - a scroll of revelation
 Z - 2 scrolls of vulnerability
Potions
 c - 6 potions of lignification
 f - 2 potions of heal wounds
 g - 4 potions of brilliance
 j - 6 potions of haste
 l - 12 potions of curing
 m - 3 potions of cancellation
 n - 3 potions of attraction
 F - 2 potions of mutation
 R - a potion of magic
 T - 2 potions of enlightenment
 V - a potion of berserk rage
 X - a potion of might
 Y - a potion of invisibility


   Skills:
 - Level 11.0 Fighting
 + Level 5.2 Dodging
 - Level 1.7 Stealth
 - Level 11.0 Spellcasting
 - Level 11.0 Conjurations
 - Level 11.0 Summonings
 + Level 8.3 Ice Magic
 - Level 11.0 Air Magic
 + Level 10.5 Earth Magic


You had 2 spell levels left.
You knew the following spells:

 Your Spells              Type           Power      Damage    Failure   Level
a - Freezing Cloud        Conj/Ice/Air   42%        6-21      1%          5
b - Ozocubu's Refrigerat  Ice            29%        4d14      11%         7
c - Lehudib's Crystal Sp  Conj/Erth      34%        10d9      26%         8
d - Spellforged Servitor  Conj/Summ      34%        N/A       3%          7
e - Static Discharge      Conj/Air       100%       2-7/arc   1%          2
k - Blink                 Tloc           30%        N/A       1%          2
s - Swiftness             Air            88%        N/A       1%          3

Your spell library contained the following spells:

 Spells                   Type           Power      Damage    Failure   Level
 Orb of Destruction       Conj           34%        9d10      3%          7
 Magic Dart               Conj           100%       1d8       1%          1
 Shock                    Conj/Air       100%       1d9       1%          1
 Sting                    Tmut/Pois      60%        1d6       1%          1
 Call Imp                 Summ           100%       N/A       1%          2
 Lesser Beckoning         Tloc           30%        N/A       1%          2
 Poisonous Vapours        Pois/Air       100%       N/A       1%          2
 Sublimation of Blood     Necr           15%        N/A       1%          2
 Wereblood                Tmut           15%        N/A       1%          2
 Call Canine Familiar     Summ           68%        N/A       1%          3
 Inner Flame              Hex/Fire       15%        N/A       1%          3
 Mephitic Cloud           Conj/Pois/Air  73%        N/A       1%          3
 Ozocubu's Armour         Ice            59%        N/A       1%          3
 Airstrike                Air            44%        2d(7-23)  1%          4
 Flame Wave               Conj/Fire      47%        2d12      1%          4
 Leda's Liquefaction      Hex/Erth       23%        N/A       1%          4
 Sticky Flame             Conj/Fire      47%        2d6       1%          4
 Summon Lightning Spire   Summ/Air       88%        N/A       1%          4
 Fireball                 Conj/Fire      23%        3d11      1%          5
 Iskenderun's Battlesphe  Conj           68%        2d12      1%          5
 Bombard                  Conj/Erth      34%        9d6       1%          6
 Gell's Gravitas          Tloc           15%        N/A       4%          3
 Sigil of Binding         Hex            15%        N/A       4%          3
 Teleport Other           Tloc           15%        N/A       4%          3
 Olgreb's Toxic Radiance  Pois           15%        N/A       4%          4
 Silence                  Hex/Air        32%        N/A       4%          5
 Metabolic Englaciation   Hex/Ice        20%        N/A       7%          5
 Summon Hydra             Summ           34%        N/A       12%         7
 Cause Fear               Hex            7%         N/A       13%         4
 Dimensional Bullseye     Hex/Tloc       7%         N/A       13%         4
 Manifold Assault         Tloc           15%        N/A       13%         4
 Passage of Golubria      Tloc           15%        N/A       13%         4
 Simulacrum               Ice/Necr       20%        N/A       34%         6
 Polar Vortex             Ice            29%        12d3*     99%         9
 Dragon's Call            Summ           34%        N/A       100%        9


Dungeon Overview and Level Annotations

Branches:
Dungeon (15/15)            Temple (1/1) D:6            Lair (5/5) D:11
  Swamp (0/4) Lair:3       Spider (2/4) Lair:3        Slime (0/5) Lair:4
    Orc (2/2) D:9             Elf (0/3) Orc:2        Vaults (0/5) D:14
 Depths (0/4) D:15

Altars:
Ashenzari
Cheibriados
Dithmenos
Fedhas
Gozag
Hepliaklqana
Kikubaaqudgha
Makhleb
Nemelex Xobeh
Okawaru
Qazlal
Ru
Sif Muna
Trog
Uskayaw
Vehumet
Wu Jian
Xom
Yredelemnul
Jiyva

Shops:
D:5 *!   D:10 ?   D:11 =   Orc:2 =([[[

Portals:
Abyss: D:13

Annotations:
D:7 4 runed translucent doors
D:15 3 runed translucent doors, Cophusiv's ghost, journeyman DsGl
Lair:3 3 runed translucent doors, Okacus's ghost, journeyman HuWn


Innate Abilities, Weirdness & Mutations

You have claws for hands.
You are completely covered in large bone plates. (SH +8)
A powerful demonic guardian rushes to your aid.
You may rarely emit foul miasma when damaged in melee.


Message History

You block the ghost moth's attack. The ghost moth barely misses you.
You block the ghost moth's attack.
The ghost moth stings you but does no damage.
You hit the ghost moth but do no damage.
Your cacodemon hits the ghost moth!!
Your cacodemon barely misses the ghost moth.
The ghost moth stares at you.
You feel your power leaking away. The ghost moth hits you!
The ghost moth barely misses you. The ghost moth stings you.
You hit the ghost moth but do no damage.
The ghost moth is electrocuted.
The ghost moth is moderately wounded.
Your cacodemon barely misses the ghost moth.
Your cacodemon hits the ghost moth but does no damage.
The ghost moth stares at you.
You feel your power leaking away. The ghost moth hits you.
* * * LOW HITPOINT WARNING * * *
You feel weakened. The ghost moth hits you.
* * * LOW HITPOINT WARNING * * *
You block the ghost moth's attack.
Your cacodemon hits the ghost moth! x2
You barely miss the ghost moth.
The ghost moth is severely wounded.
The ghost moth hits you!
* * * LOW HITPOINT WARNING * * *
A demonic guardian appears!
You feel weakened.
The ghost moth hits you but does no damage.
You block the ghost moth's attack. The ghost moth stares at you.
The ghost moth hits you!
* * * LOW HITPOINT WARNING * * *
You feel clumsy. The ghost moth hits you.
* * * LOW HITPOINT WARNING * * *
You feel clumsy. The ghost moth stings you!
You die...

#...# ##### #######
##.<## ....# #.(...#
##...# #.#.## #.....#
#^...#
#..†.######.^.######...#
#.†........####.<....###
#.#.#........#.......#.#
##.#.##..........#.#....#
#....###.^.#...@.#####.^#
##.### ###.##3y### ..##
.#..### ###.2..# s#..
#.....# ##...#..# .....#
......####.^....^# ..
.###
###...#.##.......#### ^
.......†.........# #.
####...(.....#......
####...#.#.##....^


You could see a ghost moth (invisible, ally target), a friendly cacodemon
(summoned) and a friendly soul eater (summoned).

Vanquished Creatures
  Rupert (D:12)
  6 vault guards (D:14)
  2 boulder beetles
  4 two-headed ogres
  Nergalle (D:10)
  An orb spider (Lair:3)
  5 nameless horrors
  Pikel (D:8)
  An ugly thing (D:15)
  An oklob plant (Lair:2)
  An orc sorcerer (Orc:1)
  2 elephants (Lair:4)
  Joseph (D:9)
  2 black mambas (Lair:3)
  A torpor snail (Lair:5)
  An unseen horror (D:11)
  3 cane toads
  Jeremiah (D:8)
  Psyche (D:8)
  A troll (D:11)
  6 blink frogs
  A polar bear (Lair:1)
  3 tarantellas (Spider:1)
  3 dream sheep (Lair:5)
  A raiju (shapeshifter) (D:15)
  2 jumping spiders (Spider:2)
  2 slime creatures
  A culicivora (Spider:1)
  A spriggan (Lair:5)
  2 vampires
  A vampire mosquito (D:11)
  3 wyverns
  14 yaks
  Grum (D:8)
  Eustachio (D:5)
  5 redbacks
  3 water moccasins
  7 orc warriors
  4 ice beasts
  2 black bears (D:7)
  2 ogres
  2 boggarts
  13 wolves
  7 centaurs
  4 lemures
  A phantom (D:5)
  3 kobold brigands
  A gnoll sergeant (D:10)
  4 bullfrogs
  2 necrophages (D:4)
  2 scorpions
  6 wights
  16 killer bees
  An electric eel (D:9)
  5 howler monkeys
  7 hounds
  A human zombie (D:4)
  8 orc priests
  A gnoll bouda (D:9)
  2 sleepcaps
  13 orc wizards
  A scorpion zombie (D:4)
  7 iguanas
  A hound zombie (D:4)
  2 mummies (D:4)
  Robin (D:4)
  12 gnolls
  6 adders
  2 white imps
  An ufetubus (D:7)
  2 adder zombies (D:4)
  A worm (D:2)
  2 dart slugs
  44 orcs
  10 ball pythons
  4 bats
  6 endoplasms
  2 giant cockroaches
  15 goblins
  8 hobgoblins
  2 jackals (D:1)
  4 quokkas
  4 frilled lizards
  15 kobolds
  4 rats (D:1)
357 creatures vanquished.

Vanquished Creatures (collateral kills)
  Saint Roka (Orc:2)
  Gastronok (D:9)
  Louise (Spider:1)
  The ghost of Ziddo the Skirmisher, a journeyman FoHu of Hepliaklqana (D:13)
  Josephine (D:13)
  An entropy weaver (Spider:1)
  A great orb of eyes (D:13)
  2 vault guards (D:14)
  3 centaur warriors
  A tengu warrior (D:15)
  2 two-headed ogres (D:14)
  6 boulder beetles
  A deep troll earth mage (D:15)
  3 demonic crawlers
  An orc high priest (Orc:2)
  Urug (D:13)
  Sonja (D:12)
  A skeletal warrior (D:13)
  A sixfirhy (D:13)
  A swamp dragon (Lair:3)
  A pharaoh ant (Spider:1)
  An orb spider (Spider:1)
  An orc knight (Orc:2)
  2 steelbarb worms (Spider:1)
  2 orc sorcerers (Orc:2)
  4 wolf spiders
  2 cyclopes
  A moth of wrath (Spider:1)
  12 ugly things
  3 manticores
  4 elephants
  A worldbinder (D:13)
  5 black mambas
  A torpor snail (Spider:1)
  An eye of devastation (shapeshifter) (D:15)
  An orange demon (D:13)
  A cane toad (shapeshifter) (D:15)
  15 cane toads
  3 rime drakes
  A nameless horror (D:13)
  6 komodo dragons
  A freezing wraith (D:15)
  4 polar bears
  5 trolls
  2 tarantellas (Spider:1)
  A raiju (D:13)
  4 hornets (Lair:5)
  15 blink frogs
  9 dream sheep (Lair:5)
  7 jumping spiders
  7 slime creatures
  11 spriggans (Lair:5)
  43 yaks
  A culicivora (Spider:1)
  6 wraiths
  A basilisk (shapeshifter) (D:15)
  2 wyverns
  2 basilisks
  11 redbacks
  2 vampire mosquitoes (D:13)
  2 wargs (Orc:2)
  9 water moccasins
  17 orc warriors
  A sky beast (D:8)
  A black bear (shapeshifter) (D:15)
  5 black bears (Lair:5)
  3 ogres
  24 wolves
  3 boggarts (Lair:5)
  A kobold brigand (D:11)
  6 bullfrogs
  2 wights (D:4)
  4 killer bees (D:11)
  8 orc priests (Orc:2)
  An iguana (Lair:3)
  4 orc wizards (Orc:2)
  5 hell rats (Lair:4)
  A gnoll (D:3)
  A white imp (D:6)
  22 orcs
  3 endoplasms (Lair:4)
356 creatures vanquished.

Grand Total: 713 creatures vanquished

Notes
Turn   | Place    | Note
-------+----------+-------------------------------------------
     0 | D:1      | MahsedPotato the Demonspawn Air Elementalist began the
                  | quest for the Orb.
     0 | D:1      | Reached XP level 1. HP: 13/13 MP: 3/3
   334 | D:1      | Gained mutation: A weak demonic guardian rushes to your
                  | aid. [demonic ancestry]
   334 | D:1      | Reached XP level 2. HP: 20/20 MP: 5/5
   644 | D:1      | Reached skill level 1 in Fighting
   784 | D:1      | Gained mutation: You are partially covered in large bone
                  | plates. (SH +4) [demonic ancestry]
   784 | D:1      | Reached XP level 3. HP: 23/23 MP: 6/6
  1043 | D:1      | Learned a level 2 spell: Static Discharge
  1047 | D:1      | Learned a level 3 spell: Swiftness
  2077 | D:3      | Reached XP level 4. HP: 25/32 MP: 6/8
  2858 | D:4      | Gained mutation: You are mostly covered in large bone
                  | plates. (SH +6) [demonic ancestry]
  2858 | D:4      | Reached XP level 5. HP: 35/38 MP: 3/9
  3023 | D:4      | Gained mutation: You have sharp fingernails. [demonic
                  | ancestry]
  3023 | D:4      | Reached XP level 6. HP: 35/46 MP: 3/11
  3973 | D:4      | Found a basalt altar of Yredelemnul.
  3998 | D:4      | Gained mutation: A demonic guardian rushes to your aid.
                  | [demonic ancestry]
  3998 | D:4      | Reached XP level 7. HP: 34/52 MP: 7/12
  4581 | D:4      | Noticed Robin
  4598 | D:4      | Killed Robin
  4711 | D:4      | Learned a level 4 spell: Airstrike
  4722 | D:5      | Entered Level 5 of the Dungeon
  4806 | D:5      | Found Jegg's Distillery.
  4826 | D:5      | Found a radiant altar of Vehumet.
  4895 | D:5      | Became a worshipper of Vehumet
  4966 | D:5      | Reached skill level 5 in Air Magic
  4966 | D:5      | Gained mutation: You may rarely emit foul miasma when
                  | damaged in melee. [demonic ancestry]
  4966 | D:5      | Reached XP level 8. HP: 27/61 MP: 9/14
  5129 | D:5      | Noticed Eustachio
  5142 | D:5      | Killed Eustachio
  5397 | D:5      | Reached skill level 5 in Spellcasting
  5397 | D:5      | Reached skill level 5 in Conjurations
  5696 | D:5      | Found Usmi's Lightly-Used Armoury.
  5784 | D:5      | Reached skill level 5 in Fighting
  5976 | D:5      | Identified a scroll of acquirement
  5976 | D:5      | Acquired a book of Power
  6114 | D:6      | Identified the amulet "Kodghibb" {RegenMP Fragile rElec
                  | rCorr}
  6141 | D:5      | Learned a level 6 spell: Bombard
  6288 | D:6      | Reached skill level 1 in Summonings
  6417 | D:6      | Found a staircase to the Ecumenical Temple.
  6521 | D:6      | Reached skill level 1 in Earth Magic
  6782 | D:6      | Reached * piety under Vehumet
  6782 | D:6      | Offered knowledge of Kiss of Death by Vehumet.
  7233 | Temple   | Entered the Ecumenical Temple
  7311 | D:7      | Gained mutation: You have very sharp fingernails. [demonic
                  | ancestry]
  7311 | D:7      | Reached XP level 9. HP: 60/68 MP: 8/17
  7493 | D:7      | Noticed a boulder beetle
  7532 | D:7      | Killed a boulder beetle
  7565 | D:7      | Found a blossoming altar of Fedhas.
  7568 | D:7      | Found a stormy altar of Qazlal.
  7569 | D:7      | Found an opulent altar of Gozag.
  7677 | D:7      | Found a large runed translucent door.
  7677 | D:7      | Found a large runed translucent door.
  7686 | D:7      | Found a snail-covered altar of Cheibriados.
  7694 | D:7      | Noticed a purple ugly thing
  7719 | D:7      | Found a large runed translucent door.
  7719 | D:7      | Found a large runed translucent door.
  8680 | D:8      | Noticed Grum
  8687 | D:8      | Gained mutation: A powerful demonic guardian rushes to your
                  | aid. [demonic ancestry]
  8687 | D:8      | Reached XP level 10. HP: 23/77 MP: 9/19
  8687 | D:8      | Offered knowledge of Foxfire by Vehumet.
  8688 | D:8      | Killed Grum
  8688 | D:8      | Reached ** piety under Vehumet
  8919 | D:8      | Noticed Jeremiah
  9064 | D:8      | Noticed Psyche
  9077 | D:8      | Killed Psyche
  9241 | D:8      | Noticed Pikel
  9374 | D:8      | Killed Pikel
  9666 | D:8      | Killed Jeremiah
  9789 | D:9      | Found a staircase to the Orcish Mines.
  9833 | D:9      | Offered knowledge of Hailstorm by Vehumet.
  9836 | D:9      | Reached skill level 5 in Summonings
 10053 | D:9      | Noticed Joseph
 10053 | D:9      | Noticed a two-headed ogre
 10074 | D:10     | Entered Level 10 of the Dungeon
 10082 | D:9      | Killed Joseph
 10243 | D:9      | Killed a two-headed ogre
 10244 | D:9      | Gained mutation: You are completely covered in large bone
                  | plates. (SH +8) [demonic ancestry]
 10244 | D:9      | Reached XP level 11. HP: 84/84 MP: 6/21
 10250 | D:9      | Reached *** piety under Vehumet
 10344 | D:9      | Noticed a two-headed ogre
 10347 | D:9      | Killed a two-headed ogre
 10401 | D:9      | Reached skill level 5 in Earth Magic
 10513 | D:9      | Noticed Gastronok
 10530 | D:9      | HP: 4/85 [/static electricity (1)]
 10532 | D:9      | Killed Gastronok
 10760 | D:9      | Noticed a two-headed ogre
 10765 | D:9      | Killed a two-headed ogre
 11027 | Orc:1    | Entered Level 1 of the Orcish Mines
 11028 | Orc:1    | Noticed an orc sorcerer
 11041 | Orc:1    | Killed an orc sorcerer
 11152 | D:10     | Noticed Nergalle
 11476 | D:10     | Offered knowledge of Brom's Barrelling Boulder by Vehumet.
 11732 | D:10     | Found Jumipsea's Magic Scroll Emporium.
 11982 | D:10     | Noticed a two-headed ogre
 11986 | D:10     | Killed a two-headed ogre
 12064 | D:10     | Killed Nergalle
 12162 | D:10     | Reached **** piety under Vehumet
 12536 | D:11     | Noticed a boulder beetle
 12560 | D:11     | Killed a boulder beetle
 12737 | D:11     | Gained mutation: You have claws for hands. [demonic
                  | ancestry]
 12737 | D:11     | Reached XP level 12. HP: 94/94 MP: 17/24
 12969 | D:11     | Learned a level 7 spell: Spellforged Servitor
 13057 | D:11     | Offered knowledge of Freezing Cloud by Vehumet.
 13096 | D:11     | Found Mefyut's Jewellery Emporium.
 13301 | D:11     | Found a staircase to the Lair.
 13691 | D:11     | Learned a level 5 spell: Freezing Cloud
 13713 | D:12     | Noticed Sonja
 13845 | D:12     | Killed Sonja
 13939 | D:12     | Noticed a boulder beetle
 13956 | D:12     | Killed a boulder beetle
 14008 | D:12     | Identified the +1 robe of Egalitarianism {rN+}
 14023 | D:12     | Reached skill level 1 in Ice Magic
 14065 | D:12     | Noticed a boulder beetle
 14070 | D:12     | Killed a boulder beetle
 14538 | D:12     | Noticed Rupert
 14553 | D:12     | Killed Rupert
 14559 | D:12     | Learned a level 2 spell: Blink
 14823 | D:13     | Noticed Josephine
 14830 | D:13     | Killed Josephine
 14935 | D:13     | Noticed Urug
 14943 | D:13     | Killed Urug
 15134 | D:13     | Found a transporter.
 15151 | D:13     | Found a transporter.
 15184 | D:13     | Noticed a great orb of eyes
 15187 | D:13     | Found a one-way gate to the infinite horrors of the Abyss.
 15187 | D:13     | Noticed Ziddo's ghost (journeyman FoHu)
 15310 | D:13     | Noticed a boulder beetle
 15325 | D:13     | Killed a boulder beetle
 15836 | Lair:1   | Entered Level 1 of the Lair of Beasts
 15842 | Lair:1   | Reached XP level 13. HP: 101/101 MP: 17/26
 16758 | Lair:2   | Reached skill level 10 in Conjurations
 16853 | Lair:2   | Reached skill level 10 in Fighting
 16927 | Lair:2   | Found an ornate altar of the Wu Jian Council.
 16988 | Lair:2   | Found a hide-covered altar of Uskayaw.
 17003 | Lair:2   | Reached ***** piety under Vehumet
 17003 | Lair:2   | Offered knowledge of Conjure Ball Lightning by Vehumet.
 17528 | Lair:3   | Found a hole to the Spider Nest.
 17531 | Lair:3   | Noticed Okacus's ghost (journeyman HuWn)
 17555 | Lair:3   | Found a runed translucent gate.
 17557 | Lair:3   | Found a runed translucent gate.
 17558 | Lair:3   | Found a runed translucent gate.
 18089 | Lair:3   | Found a staircase to the Swamp.
 18834 | Lair:4   | Reached XP level 14. HP: 111/111 MP: 21/27
 18849 | Lair:4   | Found a viscous altar of Jiyva.
 18855 | Lair:4   | Found a staircase to the Slime Pits.
 19396 | Lair:5   | Entered Level 5 of the Lair of Beasts
 19602 | Lair:5   | Reached skill level 10 in Spellcasting
 19602 | Lair:5   | Reached skill level 10 in Air Magic
 19674 | Lair:5   | Learned a level 8 spell: Lehudib's Crystal Spear
 19820 | Lair:5   | Reached skill level 5 in Ice Magic
 21194 | Orc:2    | Entered Level 2 of the Orcish Mines
 21205 | Orc:2    | Offered knowledge of Plasma Beam by Vehumet.
 21325 | Orc:2    | Found a staircase to the Elven Halls.
 21407 | Orc:2    | Found Ucaw's Armour Boutique.
 21561 | Orc:2    | Found Weojiq's Armour Boutique.
 21945 | Orc:2    | Found Kaifritz's Jewellery Emporium.
 22127 | Orc:2    | Noticed Saint Roka
 22167 | Orc:2    | Killed Saint Roka
 22170 | Orc:2    | Reached skill level 10 in Summonings
 22172 | Orc:2    | Reached ****** piety under Vehumet
 22455 | Orc:2    | Found Reick's Antique Weapon Boutique.
 22457 | Orc:2    | Found Ocsaschix's Antique Armour Shop.
 22464 | Orc:2    | Bought a transparent leather armour for 203 gold pieces
 22464 | Orc:2    | Identified the +0 leather armour of Ucont {rPois} (You
                  | bought it in a shop on level 2 of the Orcish Mines)
 22607 | D:13     | Killed Ziddo's ghost
 22614 | D:13     | Offered knowledge of Irradiate by Vehumet.
 22783 | D:13     | Learned a level 7 spell: Ozocubu's Refrigeration
 22843 | D:14     | Reached XP level 15. HP: 51/118 MP: 29/29
 23310 | D:14     | Found a gate to the Vaults.
 23723 | D:15     | Entered Level 15 of the Dungeon
 24119 | D:15     | Found a runed translucent gate.
 24119 | D:15     | Found a runed translucent gate.
 24119 | D:15     | Found a runed translucent gate.
 24122 | D:15     | Found an opulent altar of Gozag.
 24124 | D:15     | Noticed Cophusiv's ghost (journeyman DsGl)
 24297 | D:15     | Found a staircase to the Depths.
 24709 | Spider:1 | Entered Level 1 of the Spider Nest
 24756 | Lair:3   | Reached skill level 10 in Earth Magic
 25180 | Spider:1 | HP: 3/118 [steelbarb worm simulacrum (18)]
 25715 | Spider:1 | Noticed Louise
 25725 | Spider:1 | Killed Louise
 26025 | Spider:1 | Offered knowledge of Orb of Destruction by Vehumet.
 26144 | Spider:2 | Reached skill level 5 in Dodging
 26326 | Spider:2 | HP: 4/118 [ghost moth (6)]
 26326 | Spider:2 | Mangled by a ghost moth

Illustrated notes

Levels and vault maps discovered:
D:1:      dpeg_arrival_tiny_c, layout_basic
D:2:      layout_loops_ring, grunt_decor_resistance, hangedman_decor_slide_cut
D:3:      layout_basic
D:4:      layout_basic, lemuel_mausoleum_altar_yredelemnul,
          cheibrodos_gnoll_hut, uniq_robin
D:5:      layout_gridville, general_overflow_altar, serial_shops, shop,
          minmay_shop_damaged, uniq_eustachio
D:6:      layout_loops_corners, lemuel_temple_firewalk_b,
          nicolae_ossuary_entry_monument, grunt_decor_mini_mirrors,
          chequers_mini_garden, kennysheep_doodads, hangedman_decor_lopped
D:7:      layout_rooms, nicolae_overflow_hidden_temple,
          minmay_hollow_rounded_squares
D:8:      layout_rooms, uniq_jeremiah, uniq_grum, uniq_psyche, uniq_pikel
D:9:      layout_roguey, orc_0_dummy, nrook_pool_corridor, uniq_joseph,
          uniq_gastronok
D:10:     layout_rooms, serial_shops, shop, kennysheep_generic_room_11,
          uniq_nergalle
D:11:     kennysheep_six_static_rooms, layout_basic, lair_entry_dummy,
          serial_shops, nicolae_shop_advertising_works
          [nicolae_subvault_shop_adworks], minmay_misc_feat_columns,
          minmay_misc_feat_ornament
D:12:     layout_gridville, uniq_rupert, uniq_sonja
D:13:     layout_grid_maze, gammafunk_ghost_abyssal_escape, nicolae_letterblocks
          [nicolae_letter_subblock, nicolae_letter_subblock,
          nicolae_letter_subblock, nicolae_letter_subblock,
          nicolae_letter_subblock, nicolae_letter_subblock,
          nicolae_letter_subblock, nicolae_letter_subblock,
          nicolae_letter_subblock, nicolae_letter_subblock,
          nicolae_letter_subblock, nicolae_letter_subblock,
          nicolae_letter_subblock, nicolae_letter_subblock,
          nicolae_letter_subblock, nicolae_letter_subblock,
          nicolae_letter_subblock, nicolae_letter_subblock,
          nicolae_letter_subblock, nicolae_letter_subblock,
          nicolae_letter_subblock, nicolae_letter_subblock,
          nicolae_letter_subblock, nicolae_letter_subblock,
          nicolae_letter_subblock], uniq_josephine, uniq_urug
D:14:     layout_irregular_city, erik_vaults_2, nicolae_figureground_sparkle
D:15:     hellmonk_depths_entry_around_the_bend, layout_irregular_city,
          nicolae_titane, ebering_ghost_gozag
Temple:   hellmonk_temple_two_chambers
Lair:1:   layout_gridlike
Lair:2:   layout_concentric_octagons, nzn_masters_of_martial_movement,
          grunt_megastairs_3, infiniplex_staircase_pool_2, lemuel_fruit_tree
Lair:3:   layout_long_grid, minmay_swamp_entry_reptiles,
          nicolae_spider_entry_orb_guardian, gammafunk_ghost_split
Lair:4:   layout_regular_city, nicolae_slime_entry_slimehenge, enter_volcano_4,
          grunt_megastairs_4, serial_bayou_shore_b
Lair:5:   minmay_lair_end_enchanted_forest, layout_layer_cave
Spider:1: layout_spider_delve, uniq_louise
Spider:2: layout_spider_delve, nicolae_spider_some_kinda_spiderbox
Orc:1:    layout_diamond_mine, basic_altar, uniq_snorg
Orc:2:    grunt_orc_community_town_hall, layout_caves,
          grunt_orc_community_big_house_1, grunt_orc_community_big_house_1,
          grunt_orc_community_house_2, grunt_orc_community_house_1,
          grunt_orc_community_house_3, grunt_orc_community_house_1,
          grunt_orc_community_house_1, serial_shops, nicolae_shop_hallway_plus

Skill      XL: |  1  2  3  4  5  6  7  8  9 10 11 12 13 14 15 |
---------------+----------------------------------------------+-----
Air Magic      | 3 4 5 6 7 8 9 10 11 | 11.0
Fighting       | 1 2 3 4 5 6 7 8 9 10 11 | 11.0
Conjurations   | 2 3 4 5 6 7 8 9 10 11 | 11.0
Spellcasting   | 3 4 5 6 7 8 9 10 11 | 11.0
Summonings     | 1 3 5 6 8 9 10 11 | 11.0
Earth Magic    | 1 3 4 6 7 8 9 10 | 10.5
Ice Magic      | 3 4 6 8 |  8.3
Dodging        | 5 |  5.2
Stealth        | |  1.7

Action                     |  1- 3 |  4- 6 |  7- 9 | 10-12 | 13-15 || total
---------------------------+-------+-------+-------+-------+-------++-------
  Melee: Unarmed           |    26 |       |       |     7 |       ||    33
         Short sword       |    90 |    97 |   246 |     1 |       ||   434
         Punch             |     1 |     1 |     3 |     1 |     1 ||     7
         Dagger            |       |       |       |    24 |       ||    24
         Staff             |       |       |       |    12 |    32 ||    44
   Cast: Shock             |    18 |       |       |       |       ||    18
         Static Discharge  |     2 |    21 |    69 |   133 |     1 ||   226
         Airstrike         |       |       |    42 |    60 |       ||   102
         Bombard           |       |       |       |    28 |     5 ||    33
         Spellforged Servi |       |       |       |    24 |   115 ||   139
         Freezing Cloud    |       |       |       |     6 |    77 ||    83
         Ozocubu's Refrige |       |       |       |       |     6 ||     6
  Evoke: Wand              |       |       |     5 |       |       ||     5
    Use: Potion            |     1 |       |     2 |     1 |     2 ||     6
         Scroll            |       |       |     9 |     8 |    11 ||    28
   Stab: Sleeping          |     6 |     1 |     4 |       |       ||    11
         Distracted        |       |     1 |       |       |       ||     1
         Paralysed         |       |       |    19 |       |       ||    19
 Armour: Robe              |    55 |    42 |   154 |   134 |   182 ||   567
         Skin              |       |       |       |     2 |       ||     2
  Dodge: Dodged            |    71 |    56 |   157 |   113 |   128 ||   525
  Block: Other             |     6 |    29 |    82 |    73 |    93 ||   283

Table legend: (Time is in decaauts)
 A = Elapsed time spent in this place.
 B = Non-inter-level travel time spent in this place.
 C = Inter-level travel time spent in this place.
 D = Time resting spent in this place.
 E = Time spent auto-exploring this place.
 F = Levels seen in this place.
 G = Mean time per level.
                   A        B        C        D        E       F      G
               +--------+--------+--------+--------+--------+-----+--------+
         Total |  26385 |  25127 |   1258 |    235 |  20544 |  25 | 1055.4 |
       Dungeon |  17964 |  17112 |    852 |      0 |  14429 |  15 | 1197.6 |
        Temple |      1 |      1 |      0 |      0 |      0 |   1 |    1.0 |
          Lair |   5935 |   5626 |    309 |    235 |   4452 |   5 | 1187.0 |
   Spider Nest |   1074 |   1015 |     59 |      0 |    748 |   2 |  537.0 |
  Orcish Mines |   1409 |   1372 |     37 |      0 |    915 |   2 |  704.5 |
               +--------+--------+--------+--------+--------+-----+--------+

Top non-repeatable levels by time:
     D:4: 1878 daAuts
     D:9: 1676 daAuts
  Lair:5: 1675 daAuts
  Lair:3: 1569 daAuts
    D:11: 1565 daAuts
     D:7: 1408 daAuts
     D:5: 1363 daAuts
   Orc:2: 1334 daAuts
     D:6: 1215 daAuts
    D:13: 1212 daAuts
    D:12: 1075 daAuts
     D:1: 1047 daAuts
    D:10: 1033 daAuts
  Lair:1: 972 daAuts
    D:14: 943 daAuts
